Cogmind - Beta 9.4 @@@ ROGUE MODE // 2020.01.18 @ 01:44:17 // Winter2019/RPGLIKE Player: Cookie Result: Destroyed by G-34 Mercenary with Small Laser Performance ------------- Evolutions (1) 500 Regions Visited (3) 600 Robots Destroyed (23) 115 Value Destroyed (553) 553 Prototype IDs (2) 40 Alien Tech Used (0) 0 Bonus (0) 0 TOTAL SCORE: 1808 Bonus ------- None Cogmind --------- Core Integrity 0/700 Matter 290/300 Energy 415/415 System Corruption 0% Temperature Cool (6) Movement Rolling (100) Location -9/Storage Parts ------- > --- POWER (2) -------- Ion Engine Improved Ion Engine > --- PROPULSION (3) --- Compact Wheel Compact Wheel Compact Wheel > --- UTILITY (4) ------ Heat Sink Weight Redist. System Signal Interpreter > --- WEAPON (2) ------- Mini Grenade Launcher > --- INVENTORY (0) ---- (None) Peak State ------------ > --- POWER ------------ Light Ion Engine Improved Ion Engine > --- PROPULSION ------- Compact Wheel Compact Wheel Compact Wheel > --- UTILITY ---------- Heat Sink Weight Redist. System Signal Interpreter Light Armor Plating > --- WEAPON ----------- Medium Laser Assault Rifle > --- INVENTORY -------- (None) [Rating: 13] Favorites ----------- Power Ion Engine Engine Ion Engine Propulsion Compact Wheel Wheel Compact Wheel Utility Heat Sink Device Heat Sink Processor Signal Interpreter Protection Light Armor Plating Weapon Assault Rifle Energy Gun Medium Laser Ballistic Gun Assault Rifle Launcher Mini Grenade Launcher Build | -11 -10 -9 -9 ------- Run | Scr Mat Mat Sto Slots Evolved 7 | 5 . 1 1 Power 1 | 1 . . . Propulsion 2 | 2 . . . Utility 3 | 1 . 1 1 Weapon 1 | 1 . . . Parts Attached 19 | 6 5 2 6 Power 6 | 2 1 . 3 Engine 6 | 2 1 . 3 Core . | . . . . Reactor . | . . . . Propulsion 3 | 2 . 1 . Treads . | . . . . Leg . | . . . . Wheel 3 | 2 . 1 . Hover . | . . . . Flight . | . . . . Utility 4 | . 2 1 1 Device 2 | . 1 1 . Storage . | . . . . Processor 1 | . 1 . . Hackware . | . . . . Protection 1 | . . . 1 Artifact . | . . . . Weapon 6 | 2 2 . 2 Energy Gun 3 | . 2 . 1 Energy Cannon . | . . . . Ballistic Gun 2 | 2 . . . Ballistic Cannon . | . . . . Launcher 1 | . . . 1 Special Weapon . | . . . . Impact Weapon . | . . . . Slashing Weapon . | . . . . Piercing Weapon . | . . . . Special Melee Weapon . | . . . . Unidentified Prototypes . | . . . . Parts Lost 2 | . . . 2 Power . | . . . . Propulsion . | . . . . Utility 1 | . . . 1 Weapon 1 | . . . 1 Highest Loss Streak 2 | . . . 2 Average Slot Usage (%) 90 | . 79 97 95 Engine 19 | . 22 20 17 Wheel 25 | . 22 28 27 Device 14 | . 8 18 18 Processor 7 | . 5 10 9 Protection 3 | . . . 7 Energy Gun 6 | . 2 10 8 Ballistic Gun 12 | . 19 10 8 Naked Turns . | . . . . Heaviest Build 20 | 11 13 13 20 Greatest Support 54 | 32 32 54 54 Greatest Overweight (x) . | . . . . Average Overweight (x) . | . . . . Largest Inventory Capacity . | . . . . Average Capacity . | . . . . Most Carried . | . . . . Average Carried . | . . . . Final Capacity . | . . . . Final Carried . | . . . . Class Distribution -------------------- 73% | Mutant 26% | Scavenger-Mutant Dominant Class ---------------- Mutant | -10/Materials Mutant | -9/Materials Scavenger-Mutant | -9/Storage Resources | -11 -10 -9 -9 ----------- Run | Scr Mat Mat Sto Matter Collected 575 | 260 95 75 145 Remotely . | . . . . Salvage Created 609 | . 154 367 88 Parts 42 | . 9 13 20 Haulers Intercepted . | . . . . Recyclers Shooed . | . . . . Parts Field Recycled . | . . . . Retrieved Matter . | . . . . Parts Self-Destructed . | . . . . Prevented . | . . . . Kills | -11 -10 -9 -9 ------- Run | Scr Mat Mat Sto Combat Hostiles Destroyed 23 | . 5 8 10 Guns 23 | . 5 8 10 Classes Destroyed 3 | . 2 1 . Swarmer 12 | . 2 3 7 Grunt 8 | . 3 3 2 Sentry 3 | . . 2 1 Best Kill Streak 4 | . 2 4 4 Combat Bots Only 4 | . 2 4 4 Max Kills in Single Turn 2 | . 2 2 2 Gunslinging 1 | . 1 1 1 Exploded . | . . . . Melee . | . . . . Uniques/NPCs Destroyed . | . . . . Combat | -11 -10 -9 -9 -------- Run | Scr Mat Mat Sto Damage Taken 1457 | . 257 312 888 Core 1144 | . 207 265 672 Absorbed by Shields . | . . . . Redirected to Core 791 | . 169 160 462 Core Remaining (%) 89 | 100 78 . . Volleys Fired 73 | . 14 19 40 Largest 2 | . 2 2 2 Hottest 70 | . 40 70 70 Shots Fired 141 | . 28 38 75 Gun 141 | . 28 38 75 Cannon . | . . . . Launcher . | . . . . Special . | . . . . Kinetic 82 | . 28 19 35 Thermal 59 | . . 19 40 Explosive . | . . . . Electromagnetic . | . . . . Robot Hit Streak 12 | . 4 12 11 Robot Miss Streak 5 | . 2 2 5 Penetration Max . | . . . . Secondary Targets 4 | . 1 1 2 Max Gunslinging Chain 1 | . 1 1 1 Shots Hit Robots 98 | . 20 31 47 Core Hits 40 | . 10 14 16 Critical Hits 1 | . . . 1 Critical Kills 1 | . . . 1 Critical Parts Destroyed . | . . . . Melee Attacks . | . . . . Impact . | . . . . Slashing . | . . . . Piercing . | . . . . Sneak Attacks . | . . . . Combat Hostiles . | . . . . Follow-up Attacks . | . . . . Damage Inflicted 1254 | . 225 422 607 Guns 1239 | . 225 407 607 Cannons . | . . . . Explosions . | . . . . Melee . | . . . . Ramming 15 | . . 15 . Kinetic 684 | . 225 196 263 Thermal 555 | . . 211 344 Explosive . | . . . . Electromagnetic . | . . . . Impact . | . . . . Slashing . | . . . . Piercing . | . . . . Highest Corruption . | . . . . Average Corruption . | . . . . Corruption Purged . | . . . . Overload Shots . | . . . . Overflow Damage . | . . . . Projectiles . | . . . . Explosions . | . . . . Melee . | . . . . Knockbacks . | . . . . Impact . | . . . . Kinetic . | . . . . Secondary . | . . . . Self-Inflicted Damage 6 | . . 6 . Shots . | . . . . Rammed 4 | . . 4 . Targets Rammed 4 | . . 4 . Kicked . | . . . . Crushed . | . . . . Highest Temperature 76 | . 76 . . Average Temperature 39 | . 39 . . Received Heat Transfer 432 | . 117 147 168 Siege Activations . | . . . . Robots Corrupted . | . . . . Combat Hostiles . | . . . . Parts Fried . | . . . . Impact Corruptions . | . . . . Robots Melted . | . . . . Combat Hostiles . | . . . . Parts Melted 4 | . . 3 1 Heat Transferred 1628 | . . 629 999 Parts Sabotaged . | . . . . Parts Stolen . | . . . . Parts Stripped . | . . . . Power Chain Reactions . | . . . . Missiles Intercepted . | . . . . Alert | -11 -10 -9 -9 ------- Run | Scr Mat Mat Sto Peak Influence 305 | . 171 285 305 Average Influence 114 | . 73 68 180 Maximum Alert Level 1 | . . 1 1 Low Security (%) 79 | 100 100 94 53 Level 1 20 | . . 5 46 Level 2 . | . . . . Level 3 . | . . . . Level 4 . | . . . . Level 5 . | . . . . High Security . | . . . . Max Security . | . . . . Squads Dispatched 2 | . . 2 . Investigation . | . . . . Extermination . | . . . . Reinforcement 2 | . . 2 . Assault . | . . . . Garrison . | . . . . Intercept . | . . . . Construction Impeded . | . . . . Haulers Reinforced . | . . . . Stealth | -11 -10 -9 -9 --------- Run | Scr Mat Mat Sto Distress Signals 6 | . 3 1 2 Communications Jammed . | . . . . Distress Signals . | . . . . Times Spotted 49 | . 15 12 22 Peak Tracking Total 7 | . 4 4 7 Tactical Retreats 6 | . 2 . 4 Traps | -11 -10 -9 -9 ------- Run | Scr Mat Mat Sto Traps Triggered . | . . . . Indirectly . | . . . . Trap Hack Attempts . | . . . . Triggered . | . . . . Disarmed . | . . . . Reprogrammed . | . . . . Reused . | . . . . Traps Extracted . | . . . . Installed . | . . . . Triggered . | . . . . Machines | -11 -10 -9 -9 ---------- Run | Scr Mat Mat Sto Machines Disabled . | . . . . Max in Single Turn . | . . . . Machines Sabotaged . | . . . . Garrisons Compromised . | . . . . Overloaded Fab Kills . | . . . . Fab Network Shutdowns . | . . . . Hacking | -11 -10 -9 -9 --------- Run | Scr Mat Mat Sto Machines Accessed 8 | . 3 3 2 Terminals 5 | . 3 2 . Fabricators . | . . . . Repair Stations 2 | . . . 2 Recycling Units 1 | . . 1 . Scanalyzers . | . . . . Garrison Access . | . . . . Total Hacks 17 | . 9 3 5 Successful 11 | . 5 2 4 Failed 6 | . 4 1 1 Catastrophic 3 | . 2 1 . Database Lockouts . | . . . . Manual 9 | . 7 2 . Terminals 11 | . 9 2 . Fabricators . | . . . . Repair Stations 5 | . . . 5 Recycling Units 1 | . . 1 . Scanalyzers . | . . . . Garrison Access . | . . . . Terminal Hacks 6 | . 5 1 . Prototype ID Bank 1 | . 1 . . Terminal Index 2 | . 1 1 . Recall Reinforcements 1 | . 1 . . Zone Layout 2 | . 2 . . Fabricator Hacks . | . . . . Repair Station Hacks 4 | . . . 4 Scan Component 2 | . . . 2 Repair 2 | . . . 2 Recycling Unit Hacks 1 | . . 1 . Report Inventory 1 | . . 1 . Scanalyzer . | . . . . Garrison Access Hacks . | . . . . Unauthorized Hacks . | . . . . Terminals . | . . . . Fabricators . | . . . . Repair Stations . | . . . . Recycling Units . | . . . . Scanalyzers . | . . . . Garrison Access . | . . . . Data Cores Recovered . | . . . . Used . | . . . . Hacking Detections 5 | . 1 2 2 Full Trace Events . | . . . . Feedback Events . | . . . . Feedback Blocked . | . . . . Robot Schematics Acquired . | . . . . Robots Built . | . . . . Matter . | . . . . Time . | . . . . Total Robot Build Rating . | . . . . Part Schematics Acquired . | . . . . Parts Built . | . . . . Matter . | . . . . Time . | . . . . Total Part Build Rating . | . . . . Parts Repaired 2 | . . . 2 Time 52 | . . . 52 Parts Recycled . | . . . . Recycled Matter . | . . . . Retrieved Matter . | . . . . Retrieved Components . | . . . . Parts Scanalyzed . | . . . . Part Schematics Acquired . | . . . . Parts Damaged . | . . . . Bothacking | -11 -10 -9 -9 ------------ Run | Scr Mat Mat Sto Used RIF Installer . | . . . . Robots Hacked . | . . . . Non-combat . | . . . . Combat . | . . . . Robot Hacks Applied . | . . . . Relay Couplers Released . | . . . . Robots Rewired . | . . . . Allies Hacked . | . . . . Hacks Repelled . | . . . . Allies | -11 -10 -9 -9 -------- Run | Scr Mat Mat Sto Total Allies . | . . . . Largest Group . | . . . . Highest-Rated Group . | . . . . Highest-Rated Ally . | . . . . Total Orders . | . . . . Ally Attacks . | . . . . Total Damage . | . . . . Kills . | . . . . Allies Corrupted . | . . . . Allies Melted . | . . . . Intel | -11 -10 -9 -9 ------- Run | Scr Mat Mat Sto Robot Analysis Total . | . . . . Derelict Logs Recovered . | . . . . Drone Launches . | . . . . Drone Recoveries . | . . . . Exploration | -11 -10 -9 -9 ------------- Run | Scr Mat Mat Sto Turns Passed 1345 | 42 462 285 556 Spaces Moved 750 | 36 345 196 173 Core 4 | 4 . . . Treads . | . . . . Legs . | . . . . Wheels 746 | 32 345 196 173 Hover . | . . . . Flight . | . . . . Fastest Speed 50 | 50 100 100 100 Average Speed 99 | 94 100 100 100 Slowest Speed 100 | 100 100 100 100 Overloaded Moves . | . . . . Propulsion Burnouts . | . . . . Robots Hopped . | . . . . Cave-ins Triggered . | . . . . Exploration Rate (%) 28 | 4 58 22 29 Regions Visited 3 Branch Regions 1 Pre-discovered Areas . | . . . . Known Exits Taken 2 | . 1 1 . Unknown Exits Taken 1 | 1 . . . Scrap Searched . | . . . . Spaces Dug . | . . . . Terrain Destroyed . | . . . . Melee . | . . . . Projectile . | . . . . AOE . | . . . . Actions | -11 -10 -9 -9 --------- Run | Scr Mat Mat Sto Total 1202 | 41 436 246 479 Wait 333 | . 66 26 241 Move 747 | 35 344 195 173 Hop . | . . . . Pick Up . | . . . . Fast Attach 18 | 6 4 2 6 Attach . | . . . . Detach . | . . . . Swap 1 | . 1 . . Drop 5 | . 3 . 2 Fire 73 | . 14 19 40 Melee . | . . . . Ram 4 | . . 4 . Kick . | . . . . Crush . | . . . . Escape Stasis . | . . . . Rewire . | . . . . Trap . | . . . . Miscellaneous 21 | . 4 . 17 Route ------- -11/Scrapyard -10/Materials (discovered 3 exits: *Mat / *Min x2) -9/Materials -9/Storage History --------- Turn | Location | Event 6 | -11/Scrapyard | Upgraded with Power slot (x1) 6 | -11/Scrapyard | Upgraded with Propulsion slot (x2) 6 | -11/Scrapyard | Upgraded with Utility slot (x1) 6 | -11/Scrapyard | Upgraded with Weapon slot (x1) 32 | -11/Scrapyard | Discovered new exit (range 12) 43 | -11/Scrapyard | Entered Materials 273 | -10/Materials | Discovered new exit (range 7) 281 | -10/Materials | Identified exit to Mines 296 | -10/Materials | Discovered exit to Mines (range 15) 301 | -10/Materials | Build established: Mutant 481 | -10/Materials | Discovered new exit (range 4) 485 | -10/Materials | Identified exit to Materials 505 | -10/Materials | Entered another Materials area 507 | -9/Materials | Reached level 2 507 | -9/Materials | Upgraded with Utility slot (x1) 743 | -9/Materials | Core integrity fell below 50% 763 | -9/Materials | Discovered new exit (range 10) 783 | -9/Materials | Reached level 3 789 | -9/Materials | Identified exit to Storage 790 | -9/Materials | Entered Storage 790 | -9/Storage | Upgraded with Utility slot (x1) 826 | -9/Storage | Repaired Lgt. Ion Engine 903 | -9/Storage | Repaired Med. Laser 1152 | -9/Storage | Reached level 4 1252 | -9/Storage | Build established: Scavenger-Mutant 1312 | -9/Storage | Core integrity fell below 20% 1346 | -9/Storage | Destroyed by G-34 Mercenary with Small Laser Last Messages --------------- 01275_ S-10 Pest unfolds itself. 01279_ S-10 Pest destroyed. 01283_ Flight Unit melted. 01283_ S-10 Pest destroyed. 01289_ C-30 ARC bursts open, deploying its payload. 01289_ L-31 Rogue unfolds itself. 01289_ G-34 Mercenary unfolds itself. 01290_ Used Protomatter to restore core integrity (+42, depleted) 01297_ G-34 Mercenary destroyed. 01297_ Switching to secondary target: L-31 Rogue. 01301_ Lgt. Armor Plating destroyed. 01304_ R-06 Scavenger collects Aluminum Leg. 01307_ R-06 Scavenger collects Flight Unit. 01308_ Assault Rifle severed. 01310_ R-06 Scavenger collects Assault Rifle. 01313_ R-06 Scavenger collects Flight Unit. 01318_ Med. Laser destroyed. 01328_ Acquired 44 matter. 01330_ Acquired 85 matter. 01343_ Acquired Mni. Grenade Launcher. Map ----- +----------------------------------------------------+ | ????????????????????????????????????????????????? | | ????????????????????????????????????????????????? | | ????????????????????????????????????????????????? | | ????????????????????????????????????????????????? | | ????????????????????????????????????????????????? | | ????????????????????????????????????????????????? | | ????????????????????????????????????????????????? | | ??????????????????????????????????? ????????????? | | ??????????????????????????????????# ######??????? | | ??????????????????????????# ??????# ###????? | | ??????????????????????????# ??????# +????? | | ??????????????????????????# ####### #????? | | ??????????????????????????# +????? | | ??????????????????????#???# #????? | | ??????????????????????#T### #????? | | ?????????????????????? % #????? | | ?????????????????????? #????? | | ??????????????????????? #????? | | ???????????????????????? #????? | | ????????????????????????? #????? | | ???????????????????????????? %%#????? | | ??????????????????????????????# ##%#####? | | ???????????????????############ u # = #? | | ???????????????????# ! ## # #? | | ???????????????????# ]% l g %+*= #? | | ???????????????????# @ ##### # #? | | ???????????????????# a = #???# ## # #? | | ???????????????????# #???# ## # #? | | ???????????????????# #???# ##+########? | | ???????????????????# +?? ## #? | | ???????????????????# #? ## """ #? | | ????????#####+#########+##+### ## """"?" #? | | ?????? # "????" #? | | ?????? + "????" #? | | ?????? # "?"""" #? | | ??????????????#########+############# # """ #? | | ????????????????# #?????????# # #? | | ????????????????# """" #?????????# # = #? | | ????????????????# ""??" ########### ####+#####? | | ????????????????# ""???" + ## = =!#?? | | ????????????????# "???"" # ##= * ##? | | ????????????????# "??"" # #%""" #? | | ????????????????# """" + + "R ##? | | ????????????????# ####### # """ #?? | | ????????????????###########?????# ###### #?? | | ??????????????????????????#######+##???########?? | | ??????????????????????????# #????????????? | | ??????????????????????????# """ ####?????????? | | ??????????????????????????# """ """#?????????? | | ??????????????????????????# """ R"#?????????? | +----------------------------------------------------+ Best States ------------- Heat Dissipation 53 Energy Generation 17 Energy Capacity 415 Matter Stores 300 Matter Capacity 300 Sight Range 18 Terrain Scan Density 10 Additional Mass Support 6 Armor Coverage 150 Evasion (%) 40 Offensive Hacking 10 Item Schematics ----------------- None Robot Schematics ------------------ None Fabricated ------------ Nothing Alien Tech Used ----------------- None Achievements -------------- None Challenges ------------ None RPGLIKE | -11 -10 -9 -9 --------- Run | Scr Mat Mat Sto Levels Raised 3 | . . 2 1 XP Earned 8290 | 3000 590 2550 2150 XP Spent 5970 | 3000 . 1470 1500 Upgrades 16 | 6 . 8 2 Power Slot 1 | 1 . . . Propulsion Slot 2 | 2 . . . Utility Slot 3 | 1 . 1 1 Weapon Slot 1 | 1 . . . Core Integrity 2 | . . 2 . Heat Dissipation 3 | . . 3 . Sight Range 2 | . . 2 . Hack Attack % 2 | 1 . . 1 Protomatter Created 156 | . 25 . 131 Integrity Restored 441 | . 75 . 366 Core 441 | . 75 . 366 Protomatter Decayed . | . . . . Game ------ Seed WeldingDefenseRegulator Manual? 0 Play Time 00:26:17 Cumulative 31.1 hours Start 2020.01.18 @ 00:29:43 End 2020.01.18 @ 01:44:17 Sessions 1 Manual Loads 0 Difficulty Rogue Special Mode Winter2019/RPGLIKE Game No. 55 Rogue 55 Adventurer 0 Explorer 0 Win Type - Total 1 Types 1/0/0/0/0/0/0 Lore% 28 Gallery% 30 Achievement% 26 Wizard Run 0 Options --------- ASCII 0 Keyboard 0 Movement Mouse Keybinds 0 Fullscreen 1 Font 18/SmallcapsGlow Map View 76x50 Tactical HUD 1 Map Filters NONE Filters NONE Steam 1 RUN: d72953b7-cc67-4b93-919c-36d33b7057c0